 Dungeon Crawl Stone Soup version bcrawl-1.19.2-6-g6a88ae04c9 (webtiles) character file.

Game seed: 10604801362327256325

100 Mrkan the Ruffian (level 4, -6/45 HPs)
             Began as a Troll Fighter on Jan 7, 2020.
             Killed from afar by an orc wizard (8 damage)
             ... with a magic dart
             ... on level 3 of the Dungeon.
             The game lasted 00:02:46 (1755 turns).

Mrkan the Ruffian (Troll Fighter)                   Turns: 1755, Time: 00:02:46

Health: -6/45      AC:  5    Str: 24    XL:     4   Next: 46%
Magic:  3/3        EV:  7    Int:  5    God:
Gold:   96         SH:  8    Dex: 10    Spells: 3/3 levels left

rFire    . . .     SeeInvis .     - Unarmed
rCold    . . .     Gourm    +   a - +0 shield
rNeg     . . .     Faith    .   (armour unavailable)
rPois    .         Spirit   .   (helmet restricted)
rElec    .         Reflect  .   (no cloak)
rCorr    .         Harm     .   (gloves unavailable)
MR       .....                  (boots unavailable)
Stlth    +.........             (no amulet)
HPRegen  0.55/turn              (no ring)
MPRegen  0.08/turn              (no ring)

@: lightly drained
A: large, almost no armour, unfitting armour, claws 3, fast metabolism 3,
gourmand, regeneration 1, AC +5
a: no special abilities


You were on level 3 of the Dungeon.
You were not hungry.

You visited 1 branch of the dungeon, and saw 3 of its levels.

You collected 96 gold pieces.

Inventory:

Armour
 a - a +0 shield (worn)
Jewellery
 m - an uncursed ring of ice {unknown}
 n - an uncursed ring of ice {unknown}
Scrolls
 d - 3 scrolls of identify {unknown}
 i - a scroll of noise {unknown}
 j - a scroll of teleportation {unknown}
 k - 2 scrolls of immolation {unknown}
 l - a scroll of remove curse {unknown}
 p - a scroll of blinking {unknown}
Potions
 b - a potion of might
 e - a potion of cancellation {unknown}
 f - a potion of brilliance {unknown}
 g - a potion of curing
 h - 2 potions of flight {unknown}
 o - a potion of magic {unknown}
Comestibles
 c - 8 rations {!d}


   Skills:
 + Level 3.1(2.6) Fighting
 - Level 2.4(1.9) Dodging
 - Level 2.0(1.5) Shields
 * Level 4.1(3.5) Unarmed Combat


You had 3 spell levels left.
You didn't know any spells.
Your spell library was empty.

Dungeon Overview and Level Annotations

Branches:
Dungeon (3/12)

Altars:
Fedhas


Innate Abilities, Weirdness & Mutations

You cannot wear most types of armour.
Your thick skin is tough. (AC +5)
You are too large for most types of armour.
You have claws for hands.
Your metabolism is lightning-fast.
You like to eat raw meat.
Your natural rate of healing is unusually fast.


Message History

The worm bites you.
* * * LOW HITPOINT WARNING * * *
You claw the worm!
You kill the worm!
You feel sick. Something hits you but does no damage.
It was a potion of curing.
You feel better. Something hits you but does no damage.
You miss something.
Something hits you but does no damage. x2
You miss something. Something hits you but does no damage.
You miss something.
You hear some strange, mumbled words.
A puff of flame appears from out of thin air!
The puff of flame hits you!
* * * LOW HITPOINT WARNING * * *
You barely miss something. Something hits you but does no damage.
You claw something!
You hear some strange, mumbled words.
A magic dart appears from out of thin air!
The magic dart hits you!
You die...

###### #....#
####### #...(##
#........# ####..#
#.....<..# #..###
#........#
##...######........#
#.#.@{o..#.........
#.######.#$..o.....
#.# #..KS..o.... #.#
##l.w.#### #.#
#......# #.##
#....#..... #..#
#....# #... ##.#
###### .. #.## .


You could see an orc.

Vanquished Creatures
  2 adders (D:3)
  An ooze (D:2)
  2 worms
  2 dart slugs
  2 leopard geckos (D:3)
  4 orcs
  2 giant cockroaches
  5 goblins
  8 hobgoblins
  3 jackals (D:2)
  A quokka (D:3)
  A ball python (D:2)
  7 bats
  2 frilled lizards (D:2)
  13 kobolds
  6 rats
61 creatures vanquished.

Notes
Turn   | Place    | Note
-------+----------+-------------------------------------------
     0 | D:1      | Mrkan the Troll Fighter began the quest for the Orb.
     0 | D:1      | Reached XP level 1. HP: 22/22 MP: 0/0
   215 | D:1      | Reached XP level 2. HP: 22/29 MP: 1/1
   494 | D:1      | Reached skill level 3 in Unarmed Combat
   682 | D:1      | Reached XP level 3. HP: 34/36 MP: 2/2
   998 | D:2      | Found a blossoming altar of Fedhas.
  1631 | D:3      | Gained mutation: Your natural rate of healing is unusually
                  | fast. [Troll growth]
  1631 | D:3      | Reached XP level 4. HP: 42/45 MP: 3/3
  1738 | D:3      | Reached skill level 4 in Unarmed Combat
  1748 | D:3      | HP: 2/45 [worm (2)]
  1753 | D:3      | HP: 1/45 [something/puff of flame (10)]
  1755 | D:3      | Killed from afar by an orc wizard

Skill      XL: |  1  2  3  4 |
---------------+-------------+-----
Unarmed Combat | 3 4 |  4.1
Fighting       | 3 |  3.1
Dodging        | |  2.4
Shields        | |  2.0

Action                   |  1- 3 |  4- 6 || total
-------------------------+-------+-------++-------
Melee: Unarmed           |   148 |    32 ||   180
  Use: Potion            |       |     1 ||     1
 Stab: Sleeping          |     1 |       ||     1
  Eat: Chunk             |     9 |     1 ||    10
Armor: Skin              |    64 |    11 ||    75
Dodge: Dodged            |    57 |     9 ||    66
Block: Shield            |    76 |    13 ||    89
